PBL
BROCKTON ROX @ NEW JERSEY DEVILS
08/23/2047
 
TOP OF THE 1ST
Brockton Rox batting - Pitching for New Jersey Devils : LHP Pedro Botello
Pitching: LHP Pedro Botello
Batting: LHB Kien-lung Zou 0-0: Called Strike
0-1: Swinging Strike
0-2: Strikes out swinging
Batting: LHB Eric Gaugler 0-0: Foul Ball, location: 2F
0-1: Ball
1-1: Foul Ball, location: 2F
1-2: Ball
2-2: Ground out 4-3 (Groundball, 4, EV 93.1 MPH)
Batting: RHB Eric McClelland 0-0: Called Strike
0-1: Ground out 5-3 (Groundball, 56S, EV 68.8 MPH)
Top of the 1st over - 0 runs, 0 hits, 0 errors, 0 left on base; Brockton 0 - New Jersey 0
BOTTOM OF THE 1ST
New Jersey Devils batting - Pitching for Brockton Rox : RHP Zinedine Lahlafi
Pitching: RHP Zinedine Lahlafi
Batting: LHB Randolph Brodbeck 0-0: Foul Ball, location: 2F
0-1: Swinging Strike
0-2: Ball
1-2: Foul Ball, location: 2F
1-2: Ball
2-2: Ball
3-2: Ground out 4-3 (Groundball, 34D, EV 97.5 MPH)
Batting: RHB Eric Zylstra 0-0: Ball
1-0: Ground out 4-3 (Groundball, 4S, EV 86.9 MPH)
Batting: RHB Chris Artz 0-0: Called Strike
0-1: Swinging Strike
0-2: Ball
1-2: Ball
2-2: Strikes out swinging
Bottom of the 1st over - 0 runs, 0 hits, 0 errors, 0 left on base; Brockton 0 - New Jersey 0
TOP OF THE 2ND
Brockton Rox batting - Pitching for New Jersey Devils : LHP Pedro Botello
Batting: RHB Felix Rangel 0-0: Ball
1-0: Swinging Strike
1-1: Foul Ball, location: 2F
1-2: Ball
2-2: Strikes out swinging
Batting: RHB Eric Kent 0-0: Ground out 6-3 (Groundball, 56, EV 88.8 MPH)
Batting: SHB Jose Santiago 0-0: Ball
1-0: Foul Ball, location: 2F
1-1: Swinging Strike
1-2: Hit by Pitch
Batting: RHB Estevan Carrillo 0-0: Called Strike
0-1: Fly out, F8 (Flyball, 8LD, EV 101.2 MPH)
Top of the 2nd over - 0 runs, 0 hits, 0 errors, 1 left on base; Brockton 0 - New Jersey 0
BOTTOM OF THE 2ND
New Jersey Devils batting - Pitching for Brockton Rox : RHP Zinedine Lahlafi
Batting: LHB Lupe Garcia 0-0: Ball
1-0: Foul Ball, location: 2F
1-1: Ball
2-1: Ball
3-1: Base on Balls
Batting: RHB Craig Alvarado 0-0: Fielders Choice at 2nd, 4-6 (Groundball, 4, EV 96.9 MPH)
Batting: RHB Sergio Andrada 0-0: Ball
Craig Alvarado is caught stealing 2nd base 2-4
1-0: SINGLE (Line Drive, 6MD, EV 95.6 MPH)
Batting: SHB Ernesto Mazas 0-0: Called Strike
0-1: Swinging Strike
0-2: Ball
1-2: Strikes out swinging
Bottom of the 2nd over - 0 runs, 1 hit, 0 errors, 1 left on base; Brockton 0 - New Jersey 0
TOP OF THE 3RD
Brockton Rox batting - Pitching for New Jersey Devils : LHP Pedro Botello
Batting: RHB Mo Tsang 0-0: Ball
1-0: Swinging Strike
1-1: Hit by Pitch
Batting: RHB Panam Palmer 0-0: Swinging Strike
0-1: Called Strike
0-2: Fly out, F3 (Popup, 3F, EV 72.5 MPH)
Batting: LHB Kien-lung Zou 0-0: Called Strike
0-1: Swinging Strike
0-2: Fielders Choice at 2nd, 4-6 (Groundball, 4, EV 83.1 MPH)
Batting: LHB Eric Gaugler 0-0: Fly out, F8 (Flyball, 78S, EV 88.1 MPH)
Top of the 3rd over - 0 runs, 0 hits, 0 errors, 1 left on base; Brockton 0 - New Jersey 0
BOTTOM OF THE 3RD
New Jersey Devils batting - Pitching for Brockton Rox : RHP Zinedine Lahlafi
Batting: RHB Oscar Ramirez 0-0: Ball
1-0: Called Strike
1-1: Ball
2-1: Foul Ball, location: 2F
2-2: Ball
3-2: Fly out, F9 (Line Drive, 9, EV 104.4 MPH)
Batting: LHB Joel Sandoval 0-0: Foul Ball, location: 2F
0-1: Ball
1-1: Ball
2-1: Fly out, F4 (Line Drive, 4, EV 67.5 MPH)
Batting: LHB Randolph Brodbeck 0-0: Called Strike
0-1: Ball
1-1: Swinging Strike
1-2: Ball
2-2: Ball
3-2: Strikes out looking
Bottom of the 3rd over - 0 runs, 0 hits, 0 errors, 0 left on base; Brockton 0 - New Jersey 0
TOP OF THE 4TH
Brockton Rox batting - Pitching for New Jersey Devils : LHP Pedro Botello
Batting: RHB Eric McClelland 0-0: Ball
1-0: Ball
2-0: Fly out, F9 (Flyball, 9LM, EV 94.4 MPH)
Batting: RHB Felix Rangel 0-0: Foul Ball, location: 2F
0-1: Called Strike
0-2: Foul Ball, location: 2F
0-2: Ball
1-2: Strikes out swinging
Batting: RHB Eric Kent 0-0: Ball
1-0: Ball
2-0: Called Strike
2-1: Fly out, F9 (Flyball, 89D, EV 108.8 MPH)
Top of the 4th over - 0 runs, 0 hits, 0 errors, 0 left on base; Brockton 0 - New Jersey 0
BOTTOM OF THE 4TH
New Jersey Devils batting - Pitching for Brockton Rox : RHP Zinedine Lahlafi
Batting: RHB Eric Zylstra 0-0: Ball
1-0: Foul Ball, location: 2F
1-1: Swinging Strike
1-2: Ball
2-2: Foul Ball, location: 2F
2-2: Ball
3-2: SINGLE (Line Drive, 4M, EV 95.0 MPH)
Batting: RHB Chris Artz 0-0: Ball
1-0: Foul Ball, location: 2F
1-1: Foul Ball, location: 2F
1-2: Ball
2-2: Grounds into double play, 5-4-3 (Groundball, 56S, EV 82.5 MPH)
Batting: LHB Lupe Garcia 0-0: Called Strike
0-1: Ball
1-1: Swinging Strike
1-2: SOLO HOME RUN (Flyball, 89XD, EV 101.9 MPH), Distance : 401 ft
Batting: RHB Craig Alvarado 0-0: Called Strike
0-1: Swinging Strike
0-2: Strikes out swinging
Bottom of the 4th over - 1 run, 2 hits, 0 errors, 0 left on base; Brockton 0 - New Jersey 1
TOP OF THE 5TH
Brockton Rox batting - Pitching for New Jersey Devils : LHP Pedro Botello
Batting: SHB Jose Santiago 0-0: Called Strike
0-1: Swinging Strike
0-2: Strikes out swinging
Batting: RHB Estevan Carrillo 0-0: Swinging Strike
0-1: Ball
1-1: Ground out 6-3 (Groundball, 6, EV 86.9 MPH)
Batting: RHB Mo Tsang 0-0: Ground out 5-3 (Groundball, 5S, EV 77.5 MPH)
Top of the 5th over - 0 runs, 0 hits, 0 errors, 0 left on base; Brockton 0 - New Jersey 1
BOTTOM OF THE 5TH
New Jersey Devils batting - Pitching for Brockton Rox : RHP Zinedine Lahlafi
Batting: RHB Sergio Andrada 0-0: Called Strike
0-1: SINGLE (Groundball, 25, EV 73.8 MPH) (infield hit)
Batting: SHB Ernesto Mazas 0-0: Called Strike
0-1: Ball
1-1: Swinging Strike
1-2: Ball
2-2: Foul Ball, location: 2F
2-2: Ball
3-2: Strikes out swinging
Batting: RHB Oscar Ramirez 0-0: Called Strike
0-1: Foul Ball, location: 2F
0-2: Ball
Sergio Andrada is caught stealing 2nd base 2-4
1-2: Hit by Pitch
Batting: LHB Joel Sandoval 0-0: Ball
1-0: Fly out, F9 (Flyball, 9S, EV 83.1 MPH)
Bottom of the 5th over - 0 runs, 1 hit, 0 errors, 1 left on base; Brockton 0 - New Jersey 1
TOP OF THE 6TH
Brockton Rox batting - Pitching for New Jersey Devils : LHP Pedro Botello
Batting: RHB Panam Palmer 0-0: Called Strike
0-1: Ground out 4-3 (Groundball, 4, EV 110.0 MPH)
Batting: LHB Kien-lung Zou 0-0: Ball
1-0: Called Strike
1-1: Ball
2-1: Fly out, F7 (Flyball, 7D, EV 98.8 MPH)
Batting: LHB Eric Gaugler 0-0: Called Strike
0-1: Ball
1-1: Ball
2-1: Swinging Strike
2-2: Strikes out swinging
Top of the 6th over - 0 runs, 0 hits, 0 errors, 0 left on base; Brockton 0 - New Jersey 1
BOTTOM OF THE 6TH
New Jersey Devils batting - Pitching for Brockton Rox : RHP Zinedine Lahlafi
Batting: LHB Randolph Brodbeck 0-0: Ball
1-0: Ball
2-0: Ball
3-0: Called Strike
3-1: Base on Balls
Pitching: RHP Du Kong
Batting: RHB Eric Zylstra 0-0: Ball
Randolph Brodbeck steals 2nd base
1-0: Swinging Strike
1-1: Ball
2-1: Foul Ball, location: 2F
2-2: Foul Ball, location: 2F
2-2: Ground out 4-3 (Groundball, 4, EV 85.6 MPH)
Randolph Brodbeck to third
Batting: RHB Chris Artz 0-0: Ball
1-0: Foul Ball, location: 2F
1-1: Ball
2-1: Foul Ball, location: 2F
2-2: Foul Ball, location: 2F
2-2: Fly out, F3 (Popup, 23F, EV 80.6 MPH)
Batting: LHB Lupe Garcia 0-0: Ball
1-0: Called Strike
1-1: Foul Ball, location: 2F
1-2: SINGLE (Flyball, 5D, EV 90.6 MPH)
Randolph Brodbeck scores
Batting: RHB Craig Alvarado 0-0: Foul Ball, location: 2F
0-1: Ball
1-1: Ball
2-1: Ball
3-1: Swinging Strike
3-2: Foul Ball, location: 2F
3-2: Strikes out swinging
Bottom of the 6th over - 1 run, 1 hit, 0 errors, 1 left on base; Brockton 0 - New Jersey 2
TOP OF THE 7TH
Brockton Rox batting - Pitching for New Jersey Devils : LHP Pedro Botello
Batting: RHB Eric McClelland 0-0: SINGLE (Line Drive, 89S, EV 92.5 MPH)
Batting: RHB Felix Rangel 0-0: Ball
1-0: Foul Ball, location: 2F
1-1: Ball
2-1: Fly out, F7 (Flyball, 7S, EV 80.0 MPH)
Batting: RHB Eric Kent 0-0: Ball
1-0: Called Strike
1-1: Grounds into double play, 5-4-3 (Groundball, 56S, EV 86.2 MPH)
Top of the 7th over - 0 runs, 1 hit, 0 errors, 0 left on base; Brockton 0 - New Jersey 2
BOTTOM OF THE 7TH
New Jersey Devils batting - Pitching for Brockton Rox : RHP Du Kong
Batting: RHB Sergio Andrada 0-0: Ball
1-0: Foul Ball, location: 2F
1-1: Ball
2-1: Ball
3-1: Base on Balls
Batting: SHB Ernesto Mazas 0-0: Called Strike
0-1: Called Strike
0-2: Fly out, F3 (Line Drive, 3L, EV 63.8 MPH)
Lined into DP, U3 (Line Drive, 3L, EV 65.0 MPH)
Batting: RHB Oscar Ramirez 0-0: Ball
1-0: Swinging Strike
1-1: SINGLE (Groundball, 6MD, EV 103.1 MPH)
Batting: LHB Joel Sandoval 0-0: Ball
1-0: SINGLE (Groundball, 56S, EV 75.0 MPH) (infield hit)
Oscar Ramirez to second
Batting: LHB Randolph Brodbeck 0-0: Foul Ball, location: 2F
0-1: Fly out, F8 (Flyball, 8RM, EV 93.8 MPH)
Bottom of the 7th over - 0 runs, 2 hits, 0 errors, 2 left on base; Brockton 0 - New Jersey 2
TOP OF THE 8TH
Brockton Rox batting - Pitching for New Jersey Devils : LHP Pedro Botello
Pinch Hitting: RHB Kirk Cully 0-0: Ball
1-0: Foul Ball, location: 2F
1-1: Called Strike
1-2: Strikes out swinging passed ball, reaches first!
Batting: RHB Estevan Carrillo 0-0: Ball
1-0: Ball
2-0: SINGLE (Groundball, 56S, EV 66.9 MPH) (infield hit)
Kirk Cully to second
Batting: RHB Mo Tsang 0-0: Fly out, F8 (Line Drive, 8LD, EV 91.2 MPH)
Batting: RHB Panam Palmer 0-0: Grounds into double play, 6-4-3 (Groundball, 6, EV 79.4 MPH)
Top of the 8th over - 0 runs, 1 hit, 0 errors, 1 left on base; Brockton 0 - New Jersey 2
BOTTOM OF THE 8TH
New Jersey Devils batting - Pitching for Brockton Rox : RHP Du Kong
Now at 3B: Eric Kent
Now at SS: Matsudaira Ikeda
Pinch Hitting: SHB Alex Cavazos 0-0: Ground out 4-3 (Groundball, 4, EV 97.5 MPH)
Batting: RHB Chris Artz 0-0: Hit by Pitch
Batting: LHB Lupe Garcia 0-0: Called Strike
Chris Artz steals 2nd base
0-1: Swinging Strike
0-2: Ball
1-2: Foul Ball, location: 2F
1-2: Strikes out looking
Batting: RHB Craig Alvarado 0-0: Ball
1-0: Ball
2-0: Ground out 4-3 (Groundball, 4, EV 106.9 MPH)
Bottom of the 8th over - 0 runs, 0 hits, 0 errors, 1 left on base; Brockton 0 - New Jersey 2
TOP OF THE 9TH
Brockton Rox batting - Pitching for New Jersey Devils : LHP Pedro Botello
Pitching: LHP Tony Diaz
Now at 1B: Carlos Saldivar
Now at 2B: Oscar Ramirez
Now at SS: Chris Graham
Batting: LHB Kien-lung Zou 0-0: Ball
1-0: Foul Ball, location: 2F
1-1: Swinging Strike
1-2: Ball
2-2: Strikes out swinging
Pinch Hitting: SHB Arihito Hiramoto 0-0: Called Strike
0-1: Ball
1-1: Foul Ball, location: 2F
1-2: Strikes out swinging
Batting: RHB Eric McClelland 0-0: Called Strike
0-1: Foul Ball, location: 2F
0-2: Ball
1-2: Foul Ball, location: 2F
1-2: Strikes out swinging
Top of the 9th over - 0 runs, 0 hits, 0 errors, 0 left on base; Brockton 0 - New Jersey 2
Thursday, December 15th , 2022 - OOTP Baseball 23.9 Build 102